 Dungeon Crawl Stone Soup version 0.28.0-43-g3370ac3207 (webtiles) character file.

Game seed: 9151466179017258852

134 pkoi the Insei (level 4, -4/36 HPs)
             Began as a Demigod Gladiator on Mar 24, 2022.
             Splashed by a jelly's acid (7 damage)
             ... on level 3 of the Dungeon.
             The game lasted 00:04:01 (3985 turns).

pkoi the Insei (Demigod Gladiator)                  Turns: 3985, Time: 00:04:02

Health: -4/36      AC: -4    Str: 15    XL:     4   Next: 64%
Magic:  6/6        EV: 12    Int: 14    God:
Gold:   91         SH:  0    Dex: 15    Spells: 0/3 levels left

rFire   . . .      SeeInvis .     - Unarmed
rCold   . . .      Faith    .   (no shield)
rNeg    . . .      Spirit   .   j - +0 robe {Will+}
rPois   .          Reflect  .   b - +0 helmet
rElec   .          Harm     .   (no cloak)
rCorr   .          Rampage  .   g - +0 pair of gloves
Will    +....                   (no boots)
Stlth   +.........              (no amulet)
HPRegen 0.12/turn               (no ring)
MPRegen 0.10/turn               (no ring)

@: corroded
A: high MP 1, forlorn, divine attributes
a: no special abilities


You were on level 3 of the Dungeon.
You visited 1 branch of the dungeon, and saw 3 of its levels.

You collected 91 gold pieces.

Inventory:

Hand Weapons
 d - a +0 antimagic dagger
Missiles
 c - 4 throwing nets
 e - 5 boomerangs (quivered)
 f - 9 javelins
Armour
 a - a +0 leather armour
 b - a +0 helmet (worn)
 g - a +0 pair of gloves (worn)
 j - a +0 robe of willpower (worn)
Scrolls
 i - 4 scrolls of teleportation
 k - a scroll of magic mapping {unknown}
 l - 2 scrolls of identify {unknown}
 m - a scroll of enchant armour {unknown}
Potions
 h - a potion of resistance {unknown}


   Skills:
 + Level 2.1 Fighting
 - Level 1.7 Throwing
 - Level 2.6 Dodging
 * Level 5.0 Unarmed Combat


You couldn't memorise any spells.
You knew the following spells:

 Your Spells              Type           Power      Damage    Failure   Level
a - Summon Guardian Gole  Hex/Summ       0%         N/A       65%         3

Your spell library contained the following spells:

 Spells                   Type           Power      Damage    Failure   Level
 Gell's Gravitas          Tloc           0%         N/A       65%         3
 Lesser Beckoning         Tloc           0%         N/A       65%         3
 Teleport Other           Tloc           0%         N/A       65%         3
 Orb of Destruction       Conj           0%         9d5       100%        7
 Spellforged Servitor     Conj/Summ      0%         N/A       100%        7


Dungeon Overview and Level Annotations

Branches:
Dungeon (3/15)


Innate Abilities, Weirdness & Mutations

You have an increased reservoir of magic. (+10% MP)
You shall have no god before yourself.
Your divine heritage dramatically boosts your attributes as you level up.


Message History

You open the door.
There is an open door here.
You open the door. You open the door.
There is an open door here.
A jelly comes into view.
A jelly is nearby!
A jelly is nearby!
The jelly hits you. The acid corrodes you!
You are splashed with acid!
* * * LOW HITPOINT WARNING * * *
You are too injured to fight recklessly!
You are too injured to fight recklessly!
You are too injured to fight recklessly!
You are too injured to fight recklessly!
You are too injured to fight recklessly!
You are too injured to fight recklessly!
You are too injured to fight recklessly!
You are too injured to fight recklessly!
You are too injured to fight recklessly!
You are too injured to fight recklessly!
You hit the jelly but do no damage.
Your hands burn!
* * * LOW HITPOINT WARNING * * *
You punch the jelly.
The jelly is lightly wounded.
You hit the jelly.
Your hands burn!
* * * LOW HITPOINT WARNING * * *
You punch the jelly.
The jelly is moderately wounded.
The jelly jiggles.
The jelly hits you.
* * * LOW HITPOINT WARNING * * *
You are splashed with acid!
* * * LOW HITPOINT WARNING * * *
You hit the jelly but do no damage.
Your hands burn!
* * * LOW HITPOINT WARNING * * *
The jelly is moderately wounded.
The jelly hits you.
* * * LOW HITPOINT WARNING * * *
The acid corrodes you!
You are splashed with acid!
You die...

#.#........##########
#.#........#
#.########## #.# #.#
#.# #.# #.##########
#...@J......
###########.


You could see a jelly.

Vanquished Creatures
  4 gnolls (D:2)
  3 adders
  A worm (D:3)
  4 dart slugs
  3 orcs (D:2)
  2 endoplasms
  3 giant cockroaches
  5 goblins
  2 hobgoblins
  4 jackals (D:2)
  2 quokkas
  4 ball pythons
  4 bats
  5 frilled lizards
  5 kobolds
  8 rats
59 creatures vanquished.

Vanquished Creatures (others)
  57 plants (D:2)
57 creatures vanquished.

Grand Total: 116 creatures vanquished

Notes
Turn   | Place    | Note
-------+----------+-------------------------------------------
     0 | D:1      | pkoi the Demigod Gladiator began the quest for the Orb.
     0 | D:1      | Reached XP level 1. HP: 17/17 MP: 3/3
   232 | D:1      | Reached skill level 3 in Unarmed Combat
   644 | D:1      | Reached XP level 2. HP: 24/24 MP: 4/4
  1168 | D:2      | Reached XP level 3. HP: 22/29 MP: 5/5
  1386 | D:2      | Reached skill level 4 in Unarmed Combat
  2382 | D:2      | Reached XP level 4. HP: 22/36 MP: 6/6
  2503 | D:2      | Learned a level 3 spell: Summon Guardian Golem
  3331 | D:3      | Reached skill level 5 in Unarmed Combat
  3985 | D:3      | Splashed by a jelly's acid

Illustrated notes

Levels and vault maps discovered:
D:1:      lightli_arrival_noodles, layout_loops_corners,
          shapermc_ecumenical_altar_starsandcircs
D:2:      layout_loops_ring, serial_bayou_lagoon_a, chequers_hall_statues_wall_a
D:3:      layout_basic, st_stairs_6

Skill      XL: |  1  2  3  4 |
---------------+-------------+-----
Unarmed Combat | 3 4 5 |  5.0
Fighting       | 2 |  2.1
Throwing       | |  1.7
Dodging        | |  2.6

Action                   |  1- 3 |  4- 6 || total
-------------------------+-------+-------++-------
Melee: Unarmed           |   151 |    92 ||   243
       Punch             |     3 |     2 ||     5
  Use: Potion            |     1 |       ||     1
       Scroll            |     1 |       ||     1
 Stab: Sleeping          |     1 |       ||     1
Armor: Leather armour    |    25 |       ||    25
       Robe              |    12 |    27 ||    39
Dodge: Dodged            |    80 |    66 ||   146
